 Dungeon Crawl Stone Soup version 0.18.1-50-g88ac8fd (webtiles) character file.

8 ololoev the Chopper (level 2, 7/24 HPs)
             Began as a Demonspawn Berserker on Oct 28, 2016.
             Was a Follower of Trog.
             Quit the game on level 2 of the Dungeon.
             The game lasted 00:01:13 (84 turns).

ololoev the Chopper (Demonspawn Berserker)            Turns: 84, Time: 00:01:14

Health: 7/24       AC:  3    Str: 17    XL:     2   Next: 0%
Magic:  2/2        EV: 12    Int:  8    God:    Trog [*.....]
Gold:   6          SH:  0    Dex: 12    Spells: 0 memorised, 1 level left

rFire  . . .     SeeInvis .     a - +0 hand axe
rCold  . . .     Gourm    .     b - +0 animal skin
rNeg   . . .     Faith    .     (no shield)
rPois  .         Spirit   .     (no helmet)
rElec  .         Dismiss  .     (no cloak)
rCorr  .         Reflect  .     (no gloves)
SustAt .         Harm     .     (no boots)
MR     .....                    (no amulet)
Stlth  +.........               (no ring)
                                (no ring)

@: quite poisoned (7 -> 3), exhausted, slowed, very slow, not resistant to
hostile enchantments, very unstealthy
A: molten scales 1
a: Berserk, Burn Spellbooks, Renounce Religion


Innate Abilities, Weirdness & Mutations

You are partially covered in molten scales (AC +1).

Inventory:

Hand Weapons
 a - a +0 hand axe (weapon)
Armour
 b - a +0 animal skin (worn)
Comestibles
 c - a bread ration
 d - a meat ration


   Skills:
 + Level 3.0 Fighting
 * Level 3.1 Axes
 + Level 1.9 Armour
 - Level 1.7 Dodging


You had one spell level left.
You didn't know any spells.


You were on level 2 of the Dungeon.
You worshipped Trog.
Trog was aware of your devotion.
You were not hungry.

You visited 1 branch of the dungeon, and saw 2 of its levels.

You collected 6 gold pieces.

#. PP..........#.
#....P....#####.#.
###....P♣... ....
....#....##### #.##
#######.##... #...###.#
...........####.#....[#
........#.#.#.#.#.#####
........S..........#####
.......@#.#.#.#.#.#.....
.....?#..........†.#####
...[# #.#.#.#.#<#.## ...
#.........†.(# ..
#.#.#.#.#.#.##
..............#
..#.#.#.#.#.#.##
...............#
...#.#.#.#.#.##

Notes
Turn   | Place    | Note
--------------------------------------------------------------
     0 | D:1      | ololoev the Demonspawn Berserker began the quest for the Orb.
     0 | D:1      | Reached XP level 1. HP: 18/18 MP: 1/1
    24 | D:1      | You fall through a shaft!
    56 | D:2      | Gained mutation: You are partially covered in molten scales (AC +1). [demonic ancestry]
    56 | D:2      | Reached XP level 2. HP: 24/24 MP: 2/2
    84 | D:2      | Quit the game

Dungeon Overview and Level Annotations

Branches:
Dungeon (2/15)

Altars:


Message History

No target in view!
No target in view!
No target in view!
HP restored.
A worm comes into view.
Found a stone staircase leading up.
No target in view!
A giant newt comes into view.
The worm bites you but does no damage.
A kobold comes into view.
The kobold shouts!
The kobold hits you but does no damage.
Found 8 stones.
Use which ability? (? or * to list)
A red film seems to cover your vision as you go berserk!
You feel yourself moving faster!
You feel mighty!
You feel somewhat more hungry. The kobold hits you but does no damage.
A giant cockroach comes into view.
You slash the worm!
The worm is heavily wounded.
You completely miss the kobold. You hit the giant newt.
You kill the giant newt!
Trog accepts your kill. The kobold barely misses you.
You slash the worm!
You kill the worm!
Trog accepts your kill.
Your Axes skill increases to level 3!
You hit the kobold.
The kobold is severely wounded.
You slash the kobold!
You kill the kobold!
Trog accepts your kill.
You barely miss the giant cockroach. The giant cockroach bites you.
You slash the giant cockroach!
You kill the giant cockroach!
Trog accepts your kill.
You have reached level 2!
Your demonic ancestry asserts itself...
Molten scales grow over part of your body.
Things that are here:
a giant cockroach corpse; a giant newt corpse You feel a strong urge to attack something.
There is a stone staircase leading up here.
You are no longer berserk.
You pass out from exhaustion.
You feel yourself slow down.
You can move again.
There is a stone staircase leading up here.
You climb upwards. 2 bats and a hobgoblin come into view.
The bat hits you but does no damage. The bat closely misses you.
There is a stone staircase leading down here.
The bat barely misses you. The hobgoblin hits you with a club.
You climb downwards.
There is a stone staircase leading up here.
Found a meat ration.
Found a scroll labeled YBUORO CIZAOH and a ring mail.
An adder comes into view.
You see here a meat ration.
d - a meat ration You barely miss the adder.
The adder closely misses you. The adder bites you.
You barely miss the adder. The adder bites you. x2
You are poisoned.
The adder poisons you!
You hit the adder.
The adder is moderately wounded.
You feel sick. The adder closely misses you. The adder barely misses you. x2
You hit the adder.
The adder is severely wounded.
You feel sick. The adder bites you but does no damage.
The adder barely misses you.
You hit the adder but do no damage.
The adder is severely wounded.
You feel sick. The adder bites you. The adder misses you.
You barely miss the adder.
The adder is severely wounded.
You feel sick. The adder closely misses you. The adder barely misses you.
You aren't carrying any potions.
Are you sure you want to abandon this character and quit the game? (Confirm with "yes".)

You could see an adder.

Vanquished Creatures
  A worm (D:2)
  A giant cockroach (D:2)
  2 bats
  2 giant newts
  A kobold (D:2)
7 creatures vanquished.

Action                   || total
-------------------------++-------
Melee: Hand axe          ||    16
Invok: Berserk           ||     1
Armor: Animal skin       ||     6
Dodge: Dodged            ||    14

Vault maps used:
D:1:      nicolae_arrival_washed_ashore
D:2:      serial_park_tiny_2, st_stairs_10, uniq_crazy_yiuf_cottage
